 Dungeon Crawl Stone Soup version 0.23.1 (webtiles) character file.

Game seed: 14466386412547147417

151 PentaManta the Bolt Thrower (level 5, -1/30 HPs)
             Began as a Kobold Hunter on Mar 16, 2019.
             Slain by Grinder (2 damage)
             ... on level 3 of the Dungeon on Mar 17, 2019.
             The game lasted 00:07:14 (1828 turns).

PentaManta the Bolt Thrower (Kobold Hunter)         Turns: 1828, Time: 00:07:15

Health: -1/30      AC:  6    Str: 10    XL:     5   Next: 59%
Magic:  5/5        EV: 16    Int: 13    God:
Gold:   94         SH:  0    Dex: 15    Spells: 4/4 levels left

rFire    . . .     SeeInvis .   a - +1 hand crossbow
rCold    . . .     Gourm    .   (shield restricted)
rNeg     . . .     Faith    .   c - +0 leather armour
rPois    .         Spirit   .   (no helmet)
rElec    .         Reflect  .   h - +2 cloak
rCorr    .         Harm     .   (no gloves)
MR       .....                  (no boots)
Stlth    ++........             (no amulet)
HPRegen  0.10/turn              (no ring)
MPRegen  0.09/turn              (no ring)

@: no status effects
A: small, carnivore
a: no special abilities


You were on level 3 of the Dungeon.
You were not hungry.

You visited 1 branch of the dungeon, and saw 3 of its levels.

You collected 94 gold pieces.

Inventory:

Hand Weapons
 a - a +1 hand crossbow (weapon)
 w - a +2 short sword of speed
Missiles
 d - 39 bolts (quivered)
 i - 99 stones
 q - 5 tomahawks of returning
Armour
 c - a +0 leather armour (worn)
 h - a +2 cloak (worn)
Jewellery
 s - an uncursed ring of stealth {unknown}
Wands
 u - a wand of polymorph (2)
Scrolls
 e - 2 scrolls of remove curse {unknown}
 j - 6 scrolls of identify {unknown}
 k - a scroll of teleportation {unknown}
 n - a scroll of blinking {unknown}
 p - a scroll of amnesia {unknown}
 r - a scroll of fog {unknown}
Potions
 g - 2 potions of mutation {unknown}
 l - 2 potions of agility {unknown}
 m - 2 potions of heal wounds {unknown}
 o - a potion of flight {unknown}
 t - a potion of brilliance {unknown}
 v - a potion of ambrosia {unknown}
Comestibles
 f - 5 rations


   Skills:
 - Level 2.1 Fighting
 * Level 6.4 Crossbows
 + Level 3.8 Dodging
 + Level 3.7 Stealth


You had 4 spell levels left.
You didn't know any spells.
Your spell library was empty.

Dungeon Overview and Level Annotations

Branches:
Dungeon (3/15)

Altars:

Annotations:
D:3 Grinder


Innate Abilities, Weirdness & Mutations

You are small and have problems with some larger weapons.
You are carnivorous and can eat meat at any time.


Message History

Grinder gestures at you.
You shrug off the repeated paralysis!
Grinder hits you but does no damage.
You can move again.
Wield which item (- for none, * to show all)? (? for menu, Esc to quit)
Your hands tingle!
w - a +2 short sword of speed (weapon)
Wield which item (- for none, * to show all)? (? for menu, Esc to quit)
a - a +1 hand crossbow (weapon)
Grinder gestures at you. You resist with significant effort.
Firing (i - inventory. (/) - cycle)
d - 40 bolts (quivered)
Press: ? - help, Shift-Dir - straight line, f/p - Grinder
Aim: Grinder (severely wounded)
You shoot a bolt. The bolt hits Grinder.
Grinder is almost dead.
Grinder hits you!
* * * LOW HITPOINT WARNING * * *
You writhe in agony.
You die...

...##.# ##### #(.
...##.####...# #.#
...##.##.....###.##
.).##.##..........#
##................#
##........#(†.(...#
##........#.((..(##
####.##########5#
#.# #@# #.# #.# #..
..# ### #..# ...#
##(## ### #. ..# #.
#.#


You could see Grinder.

Vanquished Creatures
  A worker ant (D:3)
  Ijyb (D:3)
  3 adders
  3 worms
  A leopard gecko (D:2)
  5 orcs (D:3)
  4 bats
  5 giant cockroaches
  9 hobgoblins
  10 kobolds
  A quokka (D:2)
  A ball python (D:1)
  3 frilled lizards
  8 goblins
  4 rats
59 creatures vanquished.

Notes
Turn   | Place    | Note
-------+----------+-------------------------------------------
     0 | D:1      | PentaManta the Kobold Hunter began the quest for the Orb.
     0 | D:1      | Reached XP level 1. HP: 12/12 MP: 1/1
    80 | D:1      | Reached skill level 5 in Crossbows
    85 | D:1      | Reached XP level 2. HP: 17/17 MP: 2/2
   292 | D:1      | Reached XP level 3. HP: 21/21 MP: 3/3
   943 | D:2      | Reached XP level 4. HP: 18/26 MP: 4/4
  1403 | D:3      | Reached skill level 6 in Crossbows
  1403 | D:3      | Reached XP level 5. HP: 30/30 MP: 5/5
  1499 | D:3      | Noticed Ijyb
  1566 | D:3      | Killed Ijyb
  1809 | D:3      | Noticed Grinder
  1821 | D:3      | Paralysed by Grinder for 4 turns
  1828 | D:3      | HP: 1/30 [Grinder (9)]
  1828 | D:3      | Slain by Grinder

Skill      XL: |  1  2  3  4 |
---------------+-------------+-----
Crossbows      | 5 6 |  6.4
Stealth        | 2 3 |  3.7
Dodging        | 3 |  3.8
Fighting       | |  2.1

Action                   |  1- 3 |  4- 6 || total
-------------------------+-------+-------++-------
 Fire: Hand crossbow     |    84 |    66 ||   150
  Eat: Chunk             |       |     3 ||     3
Armor: Leather armour    |     5 |     4 ||     9
Dodge: Dodged            |    13 |    12 ||    25
